 Dungeon Crawl Stone Soup version 0.27.1-34-g3ba077fa99 (webtiles) character file.

Game seed: 3850621429503946269

188241 Sharkman1231 the Carver (level 17, -10/146 HPs)
             Began as a Demonspawn Abyssal Knight on Jan 30, 2022.
             Was the Champion of Lugonu.
             Killed from afar by a will-o-the-wisp (11 damage)
             ... with a foxfire
             ... on level 3 of the Swamp.
             The game lasted 01:02:36 (48702 turns).

Sharkman1231 the Carver (DsAK)                     Turns: 48702, Time: 01:02:38

Health: -10/146    AC: 21    Str: 11    XL:     17   Next: 90%
Magic:  0/27       EV: 16    Int: 18    God:    Lugonu [******]
Gold:   2254       SH: 12    Dex: 19    Spells: 21/28 levels left

rFire    . . .     SeeInvis .   b - +4 scimitar (flame)
rCold    . . .     Faith    .   U - +0 kite shield
rNeg     . . .     Spirit   +   H - +2 troll leather armour {Snorg}
rPois    .         Reflect  .   (helmet unavailable)
rElec    .         Harm     .   d - +0 cloak
rCorr    .         Rampage  .   W - +4 pair of gloves "Typn" {Str-5 Int+3}
Will     +....                  D - +0 pair of boots
Stlth    +++++.....             V - amulet of magic regeneration
HPRegen  1.34/turn              e - +4 ring of protection
MPRegen  0.65/turn              g - +4 ring of slaying

@: studying 2 skills
A: horns 3, thin skeletal structure 1, foul stench 2, robust 1, magic shield,
magic regeneration, magic link, claws 1, clever 1
a: Renounce Religion, Depart the Abyss, Bend Space, Banish, Corrupt, Enter the
Abyss, Brand Weapon With Distortion


You were on level 3 of the Swamp.
You worshipped Lugonu.
Lugonu was exalted by your worship.
You visited 7 branches of the dungeon, and saw 31 of its levels.
You visited the Abyss 4 times.
You also visited: Sewer and Bailey.

You collected 3990 gold pieces.
You spent 1736 gold pieces at shops.

Inventory:

Hand Weapons
 a - a +3 quick blade of draining
 b - a +4 scimitar of flaming (weapon)
 I - a +2 dagger of electrocution
Missiles
 f - 2 throwing nets
Armour
 d - a +0 cloak (worn)
 D - a +0 pair of boots (worn)
 H - a +2 troll leather armour (worn) {Snorg}
 U - a +0 kite shield (worn)
 W - the +4 pair of gloves "Typn" (worn) {Str-5 Int+3}
   (You bought it in a shop on level 8 of the Dungeon)

   Str:       It affects your strength (-5).
   Int:       It affects your intelligence (+3).
Jewellery
 e - a +4 ring of protection (left hand)
 g - a +4 ring of slaying (right hand)
 q - a ring of protection from cold
 t - an amulet of regeneration
 A - a +4 ring of protection
 O - a ring of protection from fire
 P - a ring of protection from cold
 V - an amulet of magic regeneration (around neck)
Wands
 o - a wand of mindburst (24)
 w - a wand of paralysis (7)
 x - a wand of digging (7)
 F - a wand of flame (20)
 R - a wand of charming (15)
 S - a wand of acid (18)
 X - a wand of iceblast (29)
 Y - a wand of polymorph (11)
Scrolls
 c - 6 scrolls of fog
 h - 3 scrolls of immolation
 j - 4 scrolls of holy word
 m - 13 scrolls of teleportation
 n - a scroll of blinking
 u - a scroll of vulnerability
 y - 10 scrolls of enchant weapon
 C - 4 scrolls of fear
 L - 4 scrolls of summoning
 M - 7 scrolls of enchant armour
 T - 23 scrolls of identify
 Z - 2 scrolls of magic mapping
Potions
 i - 2 potions of invisibility
 k - 5 potions of might
 l - 2 potions of mutation
 r - 6 potions of lignification
 s - a potion of resistance
 v - 9 potions of curing
 z - 3 potions of brilliance
 B - 2 potions of heal wounds
 E - 6 potions of magic
 G - a potion of ambrosia
 J - 3 potions of flight
 K - 6 potions of haste
 N - 2 potions of cancellation
Miscellaneous
 p - a phantom mirror
 Q - a condenser vane (inert)


   Skills:
 - Level 11.9 Fighting
 - Level 14.0 Long Blades
 - Level 12.6 Armour
 - Level 8.0 Dodging
 - Level 8.0 Stealth
 + Level 11.8 Shields
 - Level 6.0 Spellcasting
 - Level 11.0 Hexes
 - Level 10.0 Air Magic
 - Level 14.0 Invocations
 - Level 6.3 Evocations


You had 21 spell levels left.
You knew the following spells:

 Your Spells              Type           Power      Damage    Failure   Level
a - Silence               Hex/Air        21%        N/A       9%          5
b - Blink                 Tloc           N/A        N/A       32%         2

Your spell library contained the following spells:

 Spells                   Type           Power      Damage    Failure   Level
 Ensorcelled Hibernation  Hex/Ice        50%        N/A       3%          2
 Dazzling Flash           Conj/Hex       50%        N/A       7%          3
 Summon Guardian Golem    Hex/Summ       25%        N/A       7%          3
 Mephitic Cloud           Conj/Pois/Air  17%        N/A       17%         3
 Pain                     Necr           20%        1d5       22%         1
 Leda's Liquefaction      Hex/Erth       12%        N/A       22%         4
 Sublimation of Blood     Necr           2%         N/A       32%         2
 Frozen Ramparts          Ice            10%        1d3       54%         3
 Lesser Beckoning         Tloc           2%         N/A       54%         3
 Ozocubu's Armour         Ice            5%         N/A       54%         3
 Stone Arrow              Conj/Erth      10%        3d7       54%         3
 Metabolic Englaciation   Hex/Ice        12%        N/A       54%         5
 Summon Mana Viper        Hex/Summ       25%        N/A       54%         5
 Animate Armour           Summ/Erth      10%        N/A       91%         4
 Animate Dead             Necr           2%         N/A       91%         4
 Dispel Undead            Necr           5%         3d7       91%         4
 Hailstorm                Conj/Ice       5%         3d4       91%         4
 Ice Form                 Ice/Tmut       5%         N/A       91%         4
 Iskenderun's Mystic Bla  Conj/Tloc      5%         2d3       91%         4
 Petrify                  Tmut/Erth      5%         N/A       91%         4
 Summon Ice Beast         Ice/Summ       5%         N/A       91%         4
 Agony                    Necr           5%         N/A       99%         5
 Blade Hands              Tmut           2%         N/A       99%         5
 Bolt of Magma            Conj/Fire/Erth 2%         4d4       99%         5
 Borgnjor's Vile Clutch   Necr/Erth      2%         N/A       99%         5
 Excruciating Wounds      Necr           2%         N/A       99%         5
 Fireball                 Conj/Fire      2%         3d4       99%         5
 Irradiate                Conj/Tmut      2%         3d14      99%         5
 Iskenderun's Battlesphe  Conj           5%         2d6       99%         5
 Manifold Assault         Tloc           5%         N/A       99%         5
 Conjure Ball Lightning   Conj/Air       11%        3x3d6     99%         6
 Death Channel            Necr           2%         N/A       100%        6
 Dispersal                Tloc           2%         N/A       100%        6
 Iron Shot                Conj/Erth      2%         9d2       100%        6
 Simulacrum               Ice/Necr       2%         N/A       100%        6
 Starburst                Conj/Fire      2%         6d3       100%        6
 Statue Form              Tmut/Erth      3%         N/A       100%        6
 Monstrous Menagerie      Summ           2%         N/A       100%        7
 Orb of Destruction       Conj           2%         9d1       100%        7
 Discord                  Hex            22%        N/A       100%        8
 Disjunction              Tloc           2%         N/A       100%        8
 Ignition                 Fire           2%         3d3       100%        8
 Shatter                  Erth           2%         3d6*      100%        9


Dungeon Overview and Level Annotations

Branches:
Dungeon (15/15)            Temple (1/1) D:5            Lair (6/6) D:8
  Swamp (3/4) Lair:3       Spider (1/4) Lair:2        Slime (0/5) Lair:6
    Orc (2/2) D:11            Elf (3/3) Orc:2        Vaults (0/5) D:14
 Depths (0/5) D:15          Sewer (visited)          Bailey (visited)

Altars:
Fedhas
Hepliaklqana
Kikubaaqudgha
Makhleb
Sif Muna
Uskayaw
Wu Jian
Zin
Beogh
Jiyva

Shops:
D:6 :   D:8 [[!**   Orc:2 (*=[

Portals:
Trove: Elf:2 (give 16 scrolls of teleportation)

Annotations:
D:12 exclusion: electric eel
D:15 Roxanne
Swamp:2 1 runed translucent door
Elf:2 corrupted
Elf:3 corrupted
Abyss:1 growler's ghost, veteran TeAE


Innate Abilities, Weirdness & Mutations

You have a pair of large horns on your head.
You have a somewhat thin skeletal structure. (Dex +2, Stealth+)
You sometimes emit foul miasma when damaged in melee.
You are robust. (+10% HP)
When hurt, damage is shared between your health and your magic reserves.
You regenerate magic rapidly.
When low on magic, you restore magic in place of health.
You have sharp fingernails.
Your mind is acute. (Int +2)


Message History

The spriggan rider is engulfed in noxious fumes.
The bunyip claws you but does no damage.
The bunyip claws you!!
* * * LOW HITPOINT WARNING * * *
The bunyip misses you.
The tyrant leech is engulfed in noxious fumes.
The tyrant leech completely misses the spriggan rider.
The spriggan rider is engulfed in noxious fumes.
Press: ? - help, Shift-Dir - straight line, f - bunyip
Aim: a bunyip (noxious fumes, moderately wounded, chance to affect: 62%)
The bunyip is devoured by a tear in reality.
Lugonu claims a new guest.
The spriggan rider is engulfed in noxious fumes.
The spriggan rider misses you.
The spriggan rider is engulfed in noxious fumes.
The will-o-the-wisp gestures.
The will-o-the-wisp conjures some foxfire! 2 foxfires come into view.
Unknown command.
Unknown command.
The spriggan rider is engulfed in noxious fumes.
The spriggan rider appears confused.
The spriggan rider is engulfed in noxious fumes.
The tyrant leech is engulfed in noxious fumes.
The tyrant leech appears confused.
The will-o-the-wisp gestures.
The will-o-the-wisp conjures some foxfire!
The foxfire hits you!!
* * * LOW HITPOINT WARNING * * *
The spriggan rider is engulfed in noxious fumes.
The foxfire moves out of view. 2 foxfires come into view.
The spriggan rider seems less confused.
The foxfire dissipates!
The spriggan rider is engulfed in noxious fumes.
The spriggan rider appears confused.
The spriggan rider closely misses the foxfire.
The tyrant leech is engulfed in noxious fumes.
The foxfire hits you!
You die...

♣§.≈ ≈..≈. ...≈..
♣.≈.♣. ♣♣♣≈≈§≈§.
♣♣♣♣♣♣.≈≈§.♣♣
♣♣...§§§v≈≈..♣
♣♣...vw§ivi§§.♣.♣
♣[.#@###§§§§§≈..≈
♣......#..§§§≈...
♣..#...#..f.§..≈.
♣.(#...#####'≈≈≈.
♣......#.. .≈i≈.
♣..##...## ..≈≈
.t≈ ♣..#.....# .
≈≈≈≈ ♣..#...$.#
...≈.♣.........


You could see a tyrant leech (confused), 2 spriggan riders and a
will-o-the-wisp.

Vanquished Creatures
  2 deep elf master archers (Elf:3)
  2 deep elf blademasters (Elf:3)
  Kirke (Lair:4)
  A thorn hunter (Swamp:2)
  3 fenstrider witches (Swamp:2)
  2 deep elf sorcerers (Elf:3)
  2 orc warlords
  Louise (Swamp:1)
  2 deep elf elementalists (Elf:3)
  5 ghouls
  6 deep elf demonologists (Elf:3)
  8 deep elf annihilators
  A bunyip (Swamp:1)
  Snorg (Orc:2)
  8 deep elf death magi (Elf:3)
  An ettin (D:15)
  A fire dragon (Lair:6)
  2 shambling mangroves (Swamp:2)
  A deep elf high priest (Elf:3)
  4 boulder beetles
  The ghost of YungCoward the Cleaver, a novice HOFi of Makhleb (D:9)
  Erica (Orc:1)
  4 centaur warriors
  14 hydras
  8 alligators
  9 two-headed ogres
  17 dancing weapons
  3 tengu warriors
  5 orc high priests
  Sonja (Lair:3)
  A hell knight (D:15)
  9 deep elf knights
  The ghost of Lobster4 the Destroyer, a novice DECj of Vehumet (D:8)
  A deep troll (D:15)
  3 goliath frogs
  A spriggan druid (Swamp:1)
  A swamp dragon (Lair:6)
  4 orc knights
  3 bog bodies
  Pikel (D:6)
  12 deep elf pyromancers
  A lindwurm (Lair:1)
  2 wizards
  17 deep elf zephyrmancers
  3 deep elf archers
  6 orc sorcerers
  The ghost of styxcanada the Covert, a novice SpBr of Gozag (D:9)
  A wolf spider (Lair:2)
  2 manticores (D:14)
  A will-o-the-wisp (Swamp:2)
  6 cyclopes
  6 ugly things
  2 torpor snails
  The ghost of growler the Zephyrmancer, a novice TeAE (D:6)
  4 elephants (Lair:4)
  4 black mambas
  An unseen horror (D:13)
  Maggie (D:8)
  An efreet (D:10)
  Psyche (D:9)
  13 cane toads
  3 rime drakes
  A freezing wraith (D:13)
  A tengu conjurer (D:14)
  13 komodo dragons
  9 trolls
  A polar bear (Lair:2)
  3 hornets
  5 tyrant leeches
  Prince Ribbit (D:6)
  10 blink frogs
  16 slime creatures
  11 dream sheep
  4 air elementals
  5 spriggans
  A shadow (D:10)
  A redback (Lair:2)
  A centaur simulacrum (D:14)
  7 water elementals
  5 wraiths
  A tarantella (shapeshifter) (Elf:2)
  6 wyverns
  43 yaks
  9 basilisks
  A hog (Lair:4)
  15 vampire mosquitoes
  4 steam dragons
  5 fire elementals
  8 wargs
  3 acid dragons (Lair:6)
  6 swamp worms (Swamp:2)
  Duvessa (D:6)
  19 water moccasins
  A swamp drake (shapeshifter) (D:14)
  30 orc warriors
  2 swamp drakes (Lair:6)
  2 ice beasts (D:7)
  3 black bears
  A necrophage (D:4)
  14 wolves
  10 ogres
  6 centaurs
  A phantom (D:6)
  2 kobold brigands (D:10)
  11 bullfrogs
  3 gnoll sergeants
  12 earth elementals
  2 scorpions (D:5)
  Dowan (D:6)
  2 killer bees
  2 howler monkeys
  4 electric eels
  5 centaur zombies
  8 hounds
  Crazy Yiuf (D:3)
  A bullfrog zombie (D:6)
  4 centaur skeletons
  11 orc priests
  2 jellies
  6 iguanas
  Jessica (D:3)
  A bullfrog skeleton (D:4)
  Natasha (thrice) (D:3)
  23 orc wizards
  8 adders
  15 gnolls
  3 white imps
  2 ufetubi
  2 adder skeletons
  3 worms
  3 dart slugs
  98 orcs
  12 ball pythons
  15 bats
  6 endoplasms
  5 giant cockroaches
  6 hobgoblins
  4 jackals (D:1)
  8 quokkas
  10 frilled lizards
  8 goblins
  8 kobolds
  12 rats
850 creatures vanquished.

Vanquished Creatures (collateral kills)
  A yak (Lair:6)
1 creature vanquished.

Vanquished Creatures (others)
  The ghost of DrStoges the Sorcerer, a veteran DjIE of Gozag (Elf:3)
  The ghost of pkoi the Stormcaller, an adept DrAE of Vehumet (Elf:3)
  The ghost of Lutefisk the Peltast, an adept VSBr of Ru (Elf:3)
  A deep elf annihilator (Elf:3)
  10 dancing weapons (Elf:2)
  10 deep elf knights
  A wizard (D:15)
  4 deep elf pyromancers (Elf:2)
  3 deep elf zephyrmancers (Elf:2)
  An orc knight (Bailey)
  A water elemental (Elf:3)
  7 orc warriors (Bailey)
  8 orcs
  3 ball lightnings (Elf:3)
  4 foxfires
  52 fungi
  74 plants
  23 starspawn tentacles
205 creatures vanquished.

Grand Total: 1056 creatures vanquished

Notes
Turn   | Place    | Note
-------+----------+-------------------------------------------
     0 | Abyss:1  | Sharkman1231 the Demonspawn Abyssal Knight began the quest
                  | for the Orb.
     0 | Abyss:1  | Reached XP level 1. HP: 18/18 MP: 2/2
    57 | Abyss:1  | Noticed a large abomination
    59 | Abyss:1  | Noticed a will-o-the-wisp
    72 | D:1      | Escaped the Abyss
   117 | D:1      | Reached skill level 1 in Dodging
   118 | D:1      | Gained mutation: You regenerate magic rapidly. [demonic
                  | ancestry]
   118 | D:1      | Reached XP level 2. HP: 14/24 MP: 4/4
   121 | D:1      | Reached * piety under Lugonu
   808 | D:1      | Reached XP level 3. HP: 19/29 MP: 5/5
  1807 | D:2      | Gained mutation: You have a pair of small horns on your
                  | head. [demonic ancestry]
  1807 | D:2      | Reached XP level 4. HP: 13/35 MP: 6/6
  2014 | D:2      | Reached ** piety under Lugonu
  2160 | D:2      | Found a faded altar of an unknown god.
  2275 | D:2      | You fall into a shaft and drop 1 floor!
  2275 | D:3      | Found a glowing drain.
  2314 | Sewer    | Entered a sewer
  3689 | D:3      | Gained mutation: You have a pair of horns on your head.
                  | [demonic ancestry]
  3689 | D:3      | Reached XP level 5. HP: 41/41 MP: 7/7
  3963 | D:2      | Reached *** piety under Lugonu
  4344 | D:3      | Noticed Jessica
  4349 | D:3      | Killed Jessica
  4355 | D:3      | Noticed Natasha
  4511 | D:3      | Killed Natasha
  4538 | D:3      | Found a hazy altar of Hepliaklqana.
  4538 | D:3      | Found a faded altar of an unknown god.
  4545 | D:3      | Found a faded altar of an unknown god.
  4547 | D:3      | Found a hide-covered altar of Uskayaw.
  4549 | D:3      | Found a burning altar of Makhleb.
  4916 | D:3      | Found a runed translucent door.
  4917 | D:3      | Noticed Crazy Yiuf
  5097 | D:3      | Noticed Natasha
  5111 | D:3      | Killed Natasha
  5112 | D:3      | Gained mutation: You may rarely emit foul miasma when
                  | damaged in melee. [demonic ancestry]
  5112 | D:3      | Reached XP level 6. HP: 9/48 MP: 9/9
  5470 | D:3      | Found an ancient bone altar of Kikubaaqudgha.
  5532 | D:3      | Noticed Natasha
  5543 | D:3      | Killed Natasha
  5706 | D:3      | Killed Crazy Yiuf
  6607 | D:4      | Gained mutation: You have a somewhat thin skeletal
                  | structure. (Dex +2, Stealth+) [demonic ancestry]
  6607 | D:4      | Reached XP level 7. HP: 43/55 MP: 10/10
  7085 | D:5      | Entered Level 5 of the Dungeon
  7166 | D:5      | Found a staircase to the Ecumenical Temple.
  7266 | D:5      | Reached skill level 5 in Invocations
  7288 | Temple   | Entered the Ecumenical Temple
  7530 | D:5      | Reached skill level 5 in Long Blades
  8094 | D:5      | Reached **** piety under Lugonu
  8985 | D:5      | Reached skill level 5 in Fighting
  9138 | D:5      | Reached skill level 1 in Evocations
  9138 | D:5      | Gained mutation: When hurt, damage is shared between your
                  | health and your magic reserves. [demonic ancestry]
  9138 | D:5      | Reached XP level 8. HP: 11/62 MP: 12/12
  9535 | D:6      | Found a runed translucent door.
  9535 | D:6      | Noticed growler's ghost (novice TeAE)
  9588 | D:6      | Noticed Dowan
  9602 | D:6      | Killed Dowan
  9854 | D:6      | Noticed Pikel
  9870 | D:6      | Killed Pikel
  9941 | D:6      | Found Uddaonu's Self-Improvement Boutique.
  9945 | D:6      | Noticed Prince Ribbit
  9948 | D:6      | Noticed Duvessa
  9962 | D:6      | Killed Prince Ribbit
  9963 | D:6      | Gained mutation: You sometimes emit foul miasma when
                  | damaged in melee. [demonic ancestry]
  9963 | D:6      | Reached XP level 9. HP: 56/69 MP: 14/14
  9970 | D:6      | Gained mutation: You tend to lose your temper in combat.
                  | [potion of mutation]
  9970 | D:6      | Gained mutation: You have a pair of large horns on your
                  | head. [potion of mutation]
 10295 | D:6      | Killed Duvessa
 10399 | D:6      | Lost mutation: You have a pair of large horns on your head.
                  | [potion of mutation]
 10399 | D:6      | Lost mutation: You tend to lose your temper in combat.
                  | [potion of mutation]
 10399 | D:6      | Gained mutation: You have sharp fingernails. [potion of
                  | mutation]
 10399 | D:6      | Gained mutation: Your mind is acute. (Int +2) [potion of
                  | mutation]
 10985 | D:6      | Reached skill level 5 in Dodging
 11100 | D:6      | Found an ancient bone altar of Kikubaaqudgha.
 11423 | D:6      | Killed growler's ghost
 12341 | D:7      | Reached XP level 10. HP: 77/77 MP: 16/16
 12896 | D:8      | Found Ziugg's General Store.
 12931 | D:8      | Reached skill level 1 in Shields
 13110 | D:8      | Found Deiske Dia's Antique Armour Emporium.
 13275 | D:8      | Reached skill level 1 in Stealth
 13313 | D:8      | Noticed a two-headed ogre
 13331 | D:8      | Killed a two-headed ogre
 13332 | D:8      | Reached skill level 5 in Evocations
 13347 | D:8      | Found Seoha's Distillery.
 13523 | D:8      | Bought a potion of attraction for 36 gold pieces
 13523 | D:8      | Bought a potion of heal wounds for 60 gold pieces
 13523 | D:8      | Bought a potion of curing for 36 gold pieces
 13523 | D:8      | Bought a potion of flight for 36 gold pieces
 13552 | D:8      | Noticed Maggie
 13563 | D:8      | Killed Maggie
 13603 | D:8      | Found Luihuza's Assorted Antiques.
 13605 | D:8      | Found a runed translucent gate.
 13605 | D:8      | Found a runed translucent gate.
 13605 | D:8      | Found a runed translucent gate.
 13612 | D:8      | Bought a scroll of identify for 64 gold pieces
 13846 | D:8      | Found a staircase to the Lair.
 14032 | D:8      | Found Saymp's Armour Boutique.
 14307 | D:8      | Noticed YungCoward's ghost (novice HOFi)
 14308 | D:8      | Noticed styxcanada's ghost (novice SpBr)
 14308 | D:8      | Noticed Lobster4's ghost (novice DECj)
 14341 | D:9      | Found a flagged portal.
 14358 | Bailey   | Entered a bailey
 14697 | Bailey   | Reached ***** piety under Lugonu
 14993 | Bailey   | Corrupted Bailey
 14993 | Bailey   | Noticed a large abomination
 14993 | Bailey   | Noticed a large abomination
 14993 | Bailey   | Noticed a lich
 14993 | Bailey   | Noticed a large abomination
 14993 | Bailey   | Noticed a lich
 14993 | Bailey   | Noticed a thrashing horror
 14993 | Bailey   | Noticed a rakshasa
 14993 | Bailey   | Noticed a cyan very ugly thing
 14993 | Bailey   | Noticed a thrashing horror
 14993 | Bailey   | Noticed a tentacled starspawn
 14993 | Bailey   | Noticed a large abomination
 14993 | Bailey   | Noticed a wizard
 15001 | Bailey   | Noticed a smoke demon
 15008 | Bailey   | Noticed a rust devil
 15010 | Bailey   | Noticed an Executioner
 15017 | Bailey   | Noticed a smoke demon
 15027 | Bailey   | Killed an orc knight
 15259 | Bailey   | Gained mutation: You have a pair of large horns on your
                  | head. [demonic ancestry]
 15259 | Bailey   | Reached XP level 11. HP: 86/86 MP: 16/18
 15713 | D:9      | Noticed Psyche
 15759 | D:9      | Killed Psyche
 15952 | D:9      | Reached skill level 10 in Long Blades
 16263 | D:10     | Entered Level 10 of the Dungeon
 16323 | D:10     | Reached skill level 10 in Invocations
 16360 | D:10     | Noticed a two-headed ogre
 16718 | D:10     | Gained mutation: When low on magic, you restore magic in
                  | place of health. [demonic ancestry]
 16718 | D:10     | Reached XP level 12. HP: 73/93 MP: 19/19
 16866 | D:10     | Found a blossoming altar of Fedhas.
 16903 | D:10     | Learned a level 5 spell: Silence
 17025 | D:10     | Noticed a two-headed ogre
 17045 | D:10     | Killed a two-headed ogre
 17046 | D:10     | Reached skill level 5 in Stealth
 17375 | D:10     | Killed a two-headed ogre
 18019 | D:11     | Noticed a five-headed hydra
 18234 | D:11     | Found a staircase to the Orcish Mines.
 18398 | D:11     | Killed a one-headed hydra
 18510 | D:11     | Noticed a four-headed hydra
 18514 | D:11     | Killed a three-headed hydra
 18609 | D:11     | Noticed an eight-headed hydra
 18612 | D:11     | Banished an eight-headed hydra
 20007 | D:12     | Noticed a two-headed ogre
 20013 | D:12     | Killed a two-headed ogre
 20474 | D:13     | Noticed a four-headed hydra
 20493 | D:13     | Noticed a two-headed ogre
 20500 | D:13     | Killed a two-headed ogre
 20521 | D:13     | Killed a one-headed hydra
 20522 | D:13     | Reached XP level 13. HP: 77/101 MP: 15/21
 22329 | D:13     | Identified a scroll of acquirement
 22338 | D:13     | Acquired 726 gold pieces
 22679 | D:13     | Reached skill level 10 in Fighting
 22768 | D:14     | Found an ornate altar of the Wu Jian Council.
 22989 | D:14     | Identified the +0 robe "Noungats" {Harm rC- rN+++ Int-2}
 23490 | D:14     | Cast into level 2 of the Abyss (a wizard)
 23491 | D:14     | Escaped the Abyss
 24021 | D:14     | Found a gate to the Vaults.
 24633 | D:15     | Entered Level 15 of the Dungeon
 24755 | Orc:1    | Entered Level 1 of the Orcish Mines
 24827 | D:8      | Bought a pair of spiked gloves for 304 gold pieces
 24827 | D:8      | Identified the +4 pair of gloves "Typn" {Str-5 Int+3} (You
                  | bought it in a shop on level 8 of the Dungeon)
 24872 | D:9      | Killed styxcanada's ghost
 24873 | D:9      | Reached XP level 14. HP: 100/110 MP: 21/23
 24885 | D:9      | Killed YungCoward's ghost
 25087 | D:8      | Killed Lobster4's ghost
 25185 | D:6      | Bought a manual of Armour for 1200 gold pieces
 25272 | Lair:1   | Entered Level 1 of the Lair of Beasts
 25901 | Lair:1   | You fall into a shaft and drop 1 floor!
 25951 | Lair:2   | Learned a level 2 spell: Blink
 26238 | Lair:2   | Found a hole to the Spider Nest.
 27685 | Lair:3   | Noticed Sonja
 27720 | Lair:3   | Reached skill level 1 in Hexes
 27728 | Lair:3   | Killed Sonja
 27729 | Lair:3   | Reached skill level 1 in Air Magic
 27888 | Lair:3   | You fall into a shaft and drop 3 floors!
 27888 | Lair:6   | Entered Level 6 of the Lair of Beasts
 27889 | Lair:6   | Found a viscous altar of Jiyva.
 27889 | Lair:6   | Found a staircase to the Slime Pits.
 28662 | Lair:6   | Reached skill level 5 in Armour
 29771 | Lair:4   | Noticed Kirke
 29789 | Lair:4   | Killed Kirke
 29953 | Lair:4   | Reached skill level 5 in Hexes
 30769 | Lair:3   | Reached XP level 15. HP: 115/115 MP: 25/25
 31214 | Lair:3   | Found a staircase to the Swamp.
 32151 | Lair:5   | Reached skill level 5 in Air Magic
 32681 | Lair:6   | Reached skill level 1 in Spellcasting
 34145 | D:15     | Identified Roxanne's Reference Book on Clay
 34145 | D:15     | Noticed Roxanne
 34297 | D:15     | Cast into level 3 of the Abyss (a wizard)
 34297 | Abyss:3  | Found a shimmering blue altar of Sif Muna.
 34298 | D:15     | Escaped the Abyss
 34837 | D:15     | Found a staircase to the Depths.
 35374 | Orc:1    | Noticed Erica
 35394 | Orc:1    | Killed Erica
 36075 | Orc:2    | Entered Level 2 of the Orcish Mines
 37248 | Orc:2    | Found Biomupiepe's Jewellery Shoppe.
 37380 | Orc:2    | Found Iwnyes's General Store.
 37436 | Orc:2    | Reached skill level 10 in Armour
 37462 | Orc:2    | Reached ****** piety under Lugonu
 37839 | Orc:2    | Found Ogreag's Antique Weapon Boutique.
 37859 | Orc:2    | Found a staircase to the Elven Halls.
 37967 | Orc:2    | Noticed an orc warlord
 38108 | Orc:2    | Paralysed by an orc sorcerer for 7 turns
 38513 | Orc:1    | Killed an orc warlord
 38766 | Orc:2    | Found Woijy's Antique Armour Boutique.
 38986 | Orc:1    | Noticed an orc warlord
 39056 | Orc:1    | Noticed Snorg
 39065 | Orc:2    | Killed an orc warlord
 39220 | Orc:2    | Killed Snorg
 39488 | Elf:1    | Entered Level 1 of the Elven Halls
 40156 | Elf:1    | Gained mutation: You are robust. (+10% HP) [demonic
                  | ancestry]
 40156 | Elf:1    | Reached XP level 16. HP: 110/130 MP: 26/26
 40365 | Elf:1    | Found a shimmering blue altar of Sif Muna.
 40915 | Elf:2    | Found a portal to a secret trove of treasure.
 41056 | Elf:2    | Paralysed by an air elemental for 1 turns
 41075 | Elf:2    | Got the Handbook of Weightlessness
 41554 | Elf:2    | Found a runed translucent gate.
 41555 | Elf:2    | Found a runed translucent gate.
 41555 | Elf:2    | Found a runed translucent gate.
 41589 | Elf:3    | Entered Level 3 of the Elven Halls
 41696 | Elf:3    | Reached skill level 5 in Spellcasting
 41819 | Elf:2    | Corrupted Elf:2
 41819 | Elf:2    | Noticed a tentacled starspawn
 41826 | Elf:2    | Noticed a tentacled starspawn
 41836 | Elf:2    | Noticed a tentacled starspawn
 41839 | Elf:2    | Noticed a tentacled starspawn
 42692 | Elf:3    | Found a runed translucent gate.
 42692 | Elf:3    | Found a runed translucent gate.
 42693 | Elf:3    | Found a runed translucent gate.
 42695 | Elf:3    | Noticed DrStoges's ghost (veteran DjIE)
 42695 | Elf:3    | Noticed growler's ghost (veteran TeAE)
 42695 | Elf:3    | Noticed Lutefisk's ghost (adept VSBr)
 42695 | Elf:3    | Noticed pkoi's ghost (adept DrAE)
 42867 | Elf:3    | Reached skill level 10 in Hexes
 43799 | Elf:3    | Noticed a deep elf master archer
 43811 | Elf:3    | Noticed an Executioner
 43835 | Elf:3    | Killed a deep elf master archer
 43887 | Elf:3    | Cast into level 3 of the Abyss (a deep elf sorcerer)
 43893 | Elf:3    | Escaped the Abyss
 43898 | Elf:3    | Reached skill level 10 in Air Magic
 44026 | Elf:3    | Noticed a deep elf blademaster
 44044 | Elf:3    | Killed a deep elf blademaster
 44316 | Elf:3    | Noticed a deep elf blademaster
 44339 | Elf:3    | Killed a deep elf blademaster
 44340 | Elf:3    | Reached XP level 17. HP: 72/141 MP: 19/27
 44909 | Elf:3    | Noticed a deep elf master archer
 44943 | Elf:3    | Killed a deep elf master archer
 45072 | Elf:3    | Paralysed by an air elemental for 1 turns
 45077 | Elf:3    | Paralysed by an air elemental for 1 turns
 45125 | Elf:3    | Got Fopnypas's Tome of Confrontation
 45137 | Elf:3    | Got Anielih's Compendium of the Glacier
 45142 | Elf:3    | Got the Tome of Unholy Summoning
 45421 | Elf:3    | Corrupted Elf:3
 45421 | Elf:3    | Noticed a lich
 45431 | Elf:3    | Killed Lutefisk's ghost
 45441 | Elf:3    | Killed pkoi's ghost
 45455 | Elf:3    | Killed DrStoges's ghost
 45694 | Elf:3    | Banished growler's ghost
 45977 | Spider:1 | Entered Level 1 of the Spider Nest
 46222 | Swamp:1  | Entered Level 1 of the Swamp
 46231 | Swamp:1  | Paralysed by a hornet for 1 turns
 46281 | Swamp:1  | Noticed Louise
 46288 | Swamp:1  | Killed Louise
 46543 | Swamp:1  | Reached skill level 5 in Shields
 48082 | Swamp:2  | Reached skill level 10 in Shields
 48108 | Swamp:2  | Found a runed translucent door.
 48131 | Swamp:2  | HP: 5/146 [fenstrider witch (12)]
 48136 | Swamp:2  | HP: 6/146 [poison]
 48138 | Swamp:2  | HP: 1/146 [poison]
 48701 | Swamp:3  | HP: 1/146 [will-o-the-wisp/foxfire (17)]
 48702 | Swamp:3  | Killed from afar by a will-o-the-wisp

Illustrated notes

Levels and vault maps discovered:
D:1:      minmay_arrival_semitransparent, layout_basic
D:2:      layout_basic, basic_altar, dreamdust_ecumenical_altar_statues,
          st_stairs_1
D:3:      layout_loops_ring, lemuel_coloured_pillars_altar,
          chequers_temple_overflow_minitemple, portal_sewer_entry_f,
          uniq_jessica, uniq_natasha, uniq_crazy_yiuf_cottage
D:4:      layout_layer_cave
D:5:      layout_basic, minmay_temple_entry_statues
D:6:      layout_rooms, gammafunk_ghost_grave, kennysheep_diamond,
          serial_bayou_pond_b, nicolae_shop_self_help, uniq_prince_ribbit1,
          uniq_pikel, uniq_duvessa
D:7:      layout_layer_cave
D:8:      layout_layer_cave, david_lair_shrubbed, gammafunk_ghost_cemetery,
          serial_shops, kennysheep_mini_moat, shop, shop, nicolae_shop_stone,
          shop, uniq_maggie
D:9:      layout_basic, enter_bailey_6, uniq_psyche
D:10:     layout_rooms, minmay_ruined_shrine
D:11:     layout_roguey, hiddenorc1_lemuel, minmay_circle_x
D:12:     layout_basic, serial_co_window_serial, co_window_paths_a,
          co_window_paths_b, co_window_paths_b, co_window_paths_a,
          co_window_corner_a, co_window_2corner, co_window_of_opportunity_b,
          co_window_corner_b, co_window_corner_b, co_window_broadway_c,
          co_window_of_opportunity_b, co_window_corner_b, co_window_4corner_b,
          glass_columns_b, glass_columns_c, glass_columns_a, glass_columns_b,
          glass_columns_c
D:13:     layout_basic
D:14:     layout_basic, pdpol_wu_jian_five_deadly_venoms, minmay_alternating_orb
D:15:     hangedman_depths_entry_civil_slaughter, layout_cross,
          minmay_misc_feat_five, uniq_roxanne
Temple:   compressed_dpeg_circular_temple
Lair:1:   layout_loops_ring
Lair:2:   layout_long_grid, spider_nest_entry_webs, st_stairs_11,
          nicolae_quartered_pool_medium
Lair:3:   layout_cave_pods, minmay_swamp_entry_worms, uniq_sonja
Lair:4:   layout_cellular_growth, minmay_stone_trees_medium, uniq_kirke
Lair:5:   layout_big_grid
Lair:6:   guppyfry_lair_end_dragon, layout_long_grid, slime_altar_1,
          lemuel_fruit_tree, grunt_megastairs_5
Swamp:1:  layout_basic_swamp, nicolae_swamp_dense_foliage, uniq_louise
Swamp:2:  layout_basic_swamp, infiniplex_staircase_pool,
          nzn_swamp_weyward_sisters
Swamp:3:  layout_falls_marsh, gammafunk_ghost_mausoleum,
          evilmike_swamp_ruin_house_5, swamp_pool4
Spider:1: layout_spider_delve, nicolae_spider_rock_and_or_roll
Orc:1:    layout_caves, basic_altar, uniq_snorg, uniq_erica
Orc:2:    grunt_orc_gardens, layout_diamond_mine, grunt_orc_garden,
          grunt_orc_garden, grunt_orc_garden, grunt_orc_garden
Elf:1:    nicolae_elf_arrival_no_cutting_in_line, layout_loops_corners,
          basic_altar, kennysheep_underground_church, grunt_ministairs_4,
          feat_on_display
Elf:2:    nicolae_elf_blades_crystal_corner, layout_rooms, enter_trove_1,
          nicolae_elf_loose_elemental_storage
Elf:3:    grunt_elf_hall_asides, layout_rooms, gammafunk_ghost_cemetery,
          glass_columns_a

Skill      XL: |  1  2  3  4  5  6  7  8  9 10 11 12 13 14 15 16 17 |
---------------+----------------------------------------------------+-----
Long Blades    | 2 3 4 5 6 8 9 10 11 13 14 | 14.0
Dodging        | 1 2 3 4 5 6 7 8 |  8.0
Invocations    | 3 4 5 6 8 9 10 11 13 14 | 14.0
Fighting       | 4 5 6 7 8 9 10 11 | 11.9
Evocations     | 1 3 4 6 |  6.3
Shields        | 3 4 11 | 11.8
Stealth        | 3 4 5 8 |  8.0
Armour         | 7 10 11 12 | 12.6
Hexes          | 5 8 11 | 11.0
Air Magic      | 4 7 10 | 10.0
Spellcasting   | 4 6 |  6.0

Action                   |  1- 3 |  4- 6 |  7- 9 | 10-12 | 13-15 | 16-18 || total
-------------------------+-------+-------+-------+-------+-------+-------++-------
Melee: Hand axe          |    98 |     6 |       |       |       |       ||   104
       Falchion          |     5 |   243 |   130 |       |       |       ||   378
       Dagger            |     1 |       |   164 |   465 |  1045 |   130 ||  1805
       Headbutt          |       |    42 |    89 |   147 |   433 |   259 ||   970
       Short sword       |       |       |    39 |    68 |    52 |       ||   159
       Scimitar          |       |       |       |    33 |   757 |   806 ||  1596
       Quick blade       |       |       |       |       |       |   155 ||   155
Throw: Throwing net      |       |       |       |       |       |     6 ||     6
 Cast: Silence           |       |       |       |       |     1 |    30 ||    31
Invok: Depart the Abyss  |     1 |       |       |       |     2 |     1 ||     4
       Bend Space        |       |     1 |     6 |     9 |     9 |    10 ||    35
       Banish            |       |     1 |     1 |     2 |     3 |     2 ||     9
       Corrupt           |       |       |       |     1 |       |     2 ||     3
Evoke: Wand              |       |       |     1 |    14 |    25 |     9 ||    49
       Condenser vane    |       |       |       |       |     1 |     3 ||     4
  Use: Scroll            |     1 |     2 |     5 |     6 |     5 |     5 ||    24
       Potion            |       |     3 |     6 |     3 |     3 |     6 ||    21
 Stab: Sleeping          |       |       |     8 |    12 |    30 |    16 ||    66
       Distracted        |       |       |     1 |       |     5 |     1 ||     7
       Invisible         |       |       |     1 |       |       |       ||     1
       Paralysed         |       |       |     4 |     5 |    14 |       ||    23
       Held in net/web   |       |       |       |       |       |     4 ||     4
Armor: Leather armour    |    45 |    79 |    30 |       |       |       ||   154
       Robe              |       |       |    61 |    25 |       |       ||    86
       Skin              |       |       |     6 |       |       |       ||     6
       Acid dragon scale |       |       |       |   134 |   534 |       ||   668
       Troll leather arm |       |       |       |       |    33 |   308 ||   341
Dodge: Dodged            |    91 |   194 |   200 |   376 |   923 |   348 ||  2132
Block: Buckler           |       |       |       |   142 |   446 |   206 ||   794
       Kite shield       |       |       |       |       |       |    55 ||    55
       Rpst.: Falchion   |     3 |    60 |    33 |       |       |       ||    96
       Scimitar          |       |       |       |    15 |   108 |    68 ||   191
